AoeStats
← anmolmaly

Arena

510561073Analyzed
1v1 RM · 1d ago on Oct 1, 2026· 27m 55s· 2 players
Game mode
Random Map
Map size
Tiny (2 player)
Population
200
Speed
Normal
Resources
Standard
Victory
Conquest
Starting age
Dark Age
Ending age
Imperial Age
RankedLock teamsTeams togetherTeam positionsShared explorationLock speedFull tech treeHidden civsTurbo modeCheats
Victory
Defeat
🇹🇷 Teutons · Türkiye
1730
+15
🇮🇳 Danes · India
1701
-15
anmolmaly
9:55 Feudal Age
10:42 Double-Bit Axe
13:52 Castle Age
12:30 Loom
20:16 Wheelbarrow
23:50 Imperial Age
21:35 Horse Collar
22:33 Bow Saw
27:28 Fletching
GA_orhangazi89
10:00 Feudal Age
8:40 Loom
13:46 Castle Age
22:33 Scale Mail Armor
24:31 Chain Mail Armor
25:04 Forging
28:49 Iron Casting
Connection lost

Rejoining the realm…

Still unreachable

The connection could not be restored.

Session expired

The server has moved on; the page needs a fresh start.